 Dungeon Sprint DCSS version 0.21-a0-444-g29a2fec (webtiles) character file.

3518 Kikal the Fencer (level 10, -17/89 HPs)
             Began as a Barachi Fighter on Nov 17, 2017.
             Was an Elder of Nemelex Xobeh.
             Killed from afar by a black draconian (40 damage)
             ... with a bolt of lightning
             ... in the Dungeon (Sprint V: "Ziggurat Sprint").
             The game lasted 00:29:57 (900 turns).

Kikal the Fencer (Barachi Fighter)                   Turns: 900, Time: 00:29:58

Health: -17/89     AC: 25    Str: 26    XL:     10   Next: 8%
Magic:  0/17       EV:  7    Int:  8    God:    Nemelex Xobeh [****..]
Gold:   0          SH: 10    Dex: 17    Spells: 9/9 levels left

rFire    + . .     SeeInvis .   N - +5 double sword
rCold    + . .     Gourm    .   P - +3 buckler
rNeg     . . .     Faith    .   S - +5 gold dragon scales
rPois    +         Spirit   +   (no helmet)
rElec    .         Reflect  .   (no cloak)
rCorr    .         Harm     .   b - +2 pair of gloves {archery}
MR       +....     NoTele   +   (no boots)
Stlth    ..........             X - amulet of guardian spirit
HPRegen  0.24/turn              Z - ring "Paafiq Sene" {*Contam MR+ Str+4 Slay+3 Stlth+}
MPRegen  0.15/turn              A - +6 ring of dexterity

@: can't hop, slow
A: +LOS, swims, slowness 1, strong legs 1
a: Hop, Triple Draw, Deal Four, Renounce Religion


You were in the Dungeon.
You worshipped Nemelex Xobeh.
Nemelex Xobeh was greatly pleased with you.
You were not hungry.

You visited 1 branch

Inventory:

Hand Weapons
 B - a +1 scimitar of holy wrath
 M - a +5 demon blade
 N - a +5 double sword (weapon)
 O - a +5 triple sword
Armour
 b - a +2 pair of gloves of archery (worn)
 P - a +3 buckler (worn)
 Q - a +3 large shield
 R - a +3 shield
 S - +5 gold dragon scales (worn)
 T - +5 storm dragon scales
 Y - a +0 pair of gloves of strength
Jewellery
 A - a +6 ring of dexterity (right hand)
 W - an uncursed ring of protection from cold
 X - an amulet of guardian spirit (around neck)
 Z - the ring "Paafiq Sene" (left hand) {*Contam MR+ Str+4 Slay+3 Stlth+}
   (You found it in the Dungeon)

   [ring of protection from magic]

   It affects your strength (+4).
   It affects your accuracy and damage with ranged weapons and melee attacks
   (+3).
   It affects your resistance to hostile enchantments.
   It causes magical contamination when unequipped.
   It makes you more stealthy.
Wands
 H - a wand of disintegration (7/24)
 I - a wand of iceblast (2/15)
 J - a wand of lightning (5/15)
 K - a wand of acid (5/15)
Scrolls
 k - 4 scrolls of blinking
 q - 4 scrolls of amnesia
 r - 3 scrolls of recharging
 s - 7 scrolls of fog
 t - a scroll of holy word
 u - 5 scrolls of identify
 v - 5 scrolls of remove curse
 w - 2 scrolls of fear
Potions
 d - 5 potions of might
 e - 9 potions of curing
 g - 9 potions of heal wounds
 h - 6 potions of haste
 i - 7 potions of magic
 j - 3 potions of berserk rage
 l - 2 potions of brilliance
 m - 2 potions of invisibility
 n - 4 potions of resistance
 p - 5 potions of agility
Books
 U - the Disquisition on Dislocated Weightlessness
   (You found it in the Dungeon)

   Spells                             Type                      Level
   a - Apportation                    Translocation                1
   b - Portal Projectile              Hexes/Translocation          3
   c - Teleport Other                 Translocation                3
   d - Silence                        Hexes/Air                    5
   e - Controlled Blink               Translocation                8
Miscellaneous
 a - a plain deck of destruction {drawn: 4}
 c - a lamp of fire (inert)
 o - a plain deck of summoning {drawn: 1}
 y - a lightning rod (3/4)
 D - a box of beasts
 E - a plain deck of destruction
 F - a legendary deck of summoning {drawn: 1}
 V - a plain deck of destruction
Comestibles
 f - 5 bread rations
 x - 41 fruits
 z - 4 meat rations
 C - 5 chunks of flesh


   Skills:
 - Level 12.1 Fighting
 + Level 15.5 Long Blades
 - Level 9.8 Armour
 - Level 3.4 Dodging
 + Level 9.1 Shields
 - Level 5.2 Invocations
 + Level 10.2 Evocations


You had 9 spell levels left.
You didn't know any spells.

Dungeon Overview and Level Annotations

Branches:
Dungeon (1/1)

Altars:
Ashenzari
Cheibriados
Dithmenos
Elyvilon
Fedhas
Gozag
Hepliaklqana
Kikubaaqudgha
Makhleb
Nemelex Xobeh
Okawaru
Qazlal
Ru
Sif Muna
Trog
Uskayaw
Vehumet
Wu Jian
Xom
Yredelemnul
Zin
The Shining One
Beogh
Jiyva
Lugonu

Annotations:
D 1 transporter


Innate Abilities, Weirdness & Mutations

Shadows flee at your approach. (+LOS)
You can swim through water.
You cover ground slowly.
You can hop short distances.


Message History

The bolt of lightning hits the black draconian.
The black draconian completely resists.
The bolt of lightning hits you! x2
You take 40 damage, and have 28/89 hp.
MASSIVE DAMAGE!!
You now have 5/17 mp.
Unknown command.
Hop to where?
Press: ? - help, Dir - move target cursor, p - red draconian Boing!
You are engulfed in blazing flames.
You resist.
* * * LOW HITPOINT WARNING * * *
Your centaur warrior wields a shortbow.
Your centaur warrior shoots an arrow.
The arrow hits the red draconian!
The arrow disappears in a puff of smoke!
Your satyr closely misses the black draconian.
Your centaur warrior shoots an arrow.
The arrow hits the black draconian!!
The arrow disappears in a puff of smoke!
You take 6 damage, and have 22/89 hp.
The black draconian breathes lightning at you.
The bolt of lightning misses the black draconian.
The bolt of lightning hits you!
You die...
Your body glows with a rainbow of weird colours and disappears.

▓.........▓..†....▓
▓.........▓.......▓
▓.▓.....▓.▓.▓.)†▓.▓
▓....©....▓...©...▓
▓▓▓▓▓▓▓▓▓▓▓▓▓▓▓▓▓▓▓
▓...8©8...▓..8©8..▓
▓..=:}§)..▓......=▓
▓...)}"§..▓..(}...▓
▓..d.dd§@.▓...((..▓
▓...dd.d§.▓..)....▓
▓....d.§..▓...)...▓
▓.....§c..▓....)..▓
▓...d.§c..▓.▓††.▓.▓
▓...§§....▓...©...▓
▓▓▓▓▓▓▓▓▓▓▓▓▓▓▓▓▓▓▓


You could see 2 draconians, 2 draconians, a green draconian, a red draconian, 2
draconians, a friendly satyr and a friendly centaur warrior.

Vanquished Creatures
  A sea snake (D)
  A black mamba (D)
  2 eyes of devastation (D)
  A merfolk (D)
  An air elemental (D)
  A golden eye (D)
  3 insubstantial wisps (D)
  A water moccasin (D)
  A naga (D)
  A large abomination (D)
  2 floating eyes (D)
  A scorpion (D)
  2 crimson imps (D)
  2 quasits (D)
  2 jellies (D)
  A white imp (D)
  3 ufetubi (D)
  An ooze (D)
  A ball python (D)
28 creatures vanquished.

Vanquished Creatures (collateral kills)
  A torpor snail (D)
  A swamp worm (D)
  A naga (D)
  A water moccasin (D)
  A centaur (D)
5 creatures vanquished.

Vanquished Creatures (others)
  A spatial maelstrom (D)
  A slime creature (D)
  An insubstantial wisp (D)
  An eye of draining (D)
  An ooze (D)
5 creatures vanquished.

Grand Total: 38 creatures vanquished

Notes
Turn   | Place    | Note
-------+----------+-------------------------------------------
     0 | D        | Found the +6 Majin-Bo {vamp, Archmagi MP+6 Int+6}
     0 | D        | Found the +7 great mace "Firestarter" {inner flame, rF++}
     0 | D        | Kikal the Barachi Fighter began the quest for the Orb.
     0 | D        | Reached XP level 1. HP: 18/18 MP: 1/1
     3 | D        | Found a transporter.
     3 | D        | Found an ancient bone altar of Kikubaaqudgha.
     3 | D        | Found a viscous altar of Jiyva.
     3 | D        | Found a corrupted altar of Lugonu.
     3 | D        | Found a hazy altar of Hepliaklqana.
     3 | D        | Found a burning altar of Makhleb.
     3 | D        | Found an opulent altar of Gozag.
     5 | D        | Banished a spatial maelstrom
    33 | D        | Found the +9 heavy crossbow "Sniper" {velocity, Acc+∞ SInv}
    33 | D        | Found the +10 dark maul {crush}
    33 | D        | Found the +15 Maxwell's patent armour {-Cast -Tele rElec MR+ rCorr}
    33 | D        | Found the +18 shield of the Gong {rElec rN+ MR+ EV-5}
    33 | D        | Found the cursed +14 obsidian axe {chop, +Fly SInv *Curse}
    34 | D        | Found the +6 shillelagh "Devastator" {shatter}
    34 | D        | Found the +11 plutonium sword {*Contam Stlth-}
    34 | D        | Found the +8 lance "Wyrmbane" {slay drac, rPois rF+ rC+ AC+3}
    34 | D        | Found the +9 sword of Zonguldrok {reap}
    34 | D        | Found the cursed +13 scythe of Curses {drain, *Curse}
    34 | D        | Found the +0 sword of Power
    34 | D        | Found the +12 mace of Variability {chaos}
    34 | D        | Found the +7 Singing Sword
    34 | D        | Found the +7 longbow "Piercer" {penet, EV-2}
   139 | D        | Became a worshipper of Nemelex Xobeh the Trickster
   141 | D        | Reached skill level 6 in Long Blades
   141 | D        | Reached skill level 5 in Armour
   141 | D        | Reached skill level 5 in Shields
   141 | D        | Reached XP level 2. HP: 24/24 MP: 2/2
   149 | D        | Entered arena 2.
   149 | D        | Noticed an insubstantial wisp
   149 | D        | Noticed an insubstantial wisp
   149 | D        | Received a gift from Nemelex Xobeh
   149 | D        | Found a transporter.
   152 | D        | Killed an insubstantial wisp
   152 | D        | Reached skill level 10 in Long Blades
   152 | D        | Reached XP level 3. HP: 24/35 MP: 3/3
   152 | D        | Reached XP level 4. HP: 29/41 MP: 4/4
   152 | D        | Reached XP level 5. HP: 33/47 MP: 5/5
   157 | D        | Killed an insubstantial wisp
   157 | D        | Reached skill level 11 in Long Blades
   157 | D        | Reached XP level 6. HP: 37/56 MP: 6/6
   279 | D        | Entered arena 3.
   279 | D        | Noticed an insubstantial wisp
   279 | D        | Noticed an insubstantial wisp
   279 | D        | Noticed an air elemental
   279 | D        | Reached * piety under Nemelex Xobeh
   279 | D        | Found a transporter.
   279 | D        | Received a gift from Nemelex Xobeh
   283 | D        | Killed an insubstantial wisp
   287 | D        | Killed an air elemental
   288 | D        | Killed an insubstantial wisp
   295 | D        | Identified the Disquisition on Dislocated Weightlessness (You found it in the Dungeon)
   295 | D        | Identified the Disquisition on Dislocated Weightlessness (You found it in the Dungeon)
   375 | D        | Entered arena 4.
   375 | D        | Found a transporter.
   381 | D        | Reached skill level 12 in Long Blades
   388 | D        | Reached XP level 7. HP: 57/63 MP: 9/9
   414 | D        | Entered arena 5.
   414 | D        | Reached ** piety under Nemelex Xobeh
   414 | D        | Received a gift from Nemelex Xobeh
   414 | D        | Found a transporter.
   416 | D        | Reached skill level 5 in Invocations
   428 | D        | Entered arena 6.
   428 | D        | Noticed a large abomination
   428 | D        | Found a transporter.
   433 | D        | Reached skill level 10 in Fighting
   433 | D        | Reached skill level 13 in Long Blades
   433 | D        | Reached skill level 1 in Evocations
   437 | D        | Killed a large abomination
   437 | D        | Reached XP level 8. HP: 48/72 MP: 11/11
   644 | D        | Entered arena 7.
   644 | D        | Noticed a black mamba
   644 | D        | Received a gift from Nemelex Xobeh
   644 | D        | Found a transporter.
   644 | D        | Reached *** piety under Nemelex Xobeh
   673 | D        | Killed a black mamba
   673 | D        | Reached skill level 10 in Evocations
   710 | D        | Entered arena 8.
   710 | D        | Noticed a merfolk
   710 | D        | Noticed a merfolk
   710 | D        | Noticed a merfolk
   710 | D        | Noticed a merfolk
   710 | D        | Received a gift from Nemelex Xobeh
   710 | D        | Found a transporter.
   713 | D        | Noticed a torpor snail
   713 | D        | a merfolk changed into a torpor snail
   713 | D        | a merfolk changed into a swamp worm
   713 | D        | Noticed a sea snake
   713 | D        | a merfolk changed into a sea snake
   714 | D        | Killed a torpor snail
   714 | D        | Reached XP level 9. HP: 78/79 MP: 14/16
   721 | D        | Killed a sea snake
   721 | D        | Reached skill level 14 in Long Blades
   724 | D        | Killed a merfolk
   737 | D        | Got the ring "Paafiq Sene" {*Contam MR+ Str+4 Slay+3 Stlth+}
   766 | D        | Entered arena 9.
   766 | D        | Noticed an eye of devastation
   766 | D        | Noticed an eye of devastation
   766 | D        | Received a gift from Nemelex Xobeh
   766 | D        | Reached **** piety under Nemelex Xobeh
   766 | D        | Found a transporter.
   768 | D        | Reached skill level 15 in Long Blades
   769 | D        | Killed an eye of devastation
   771 | D        | Killed an eye of devastation
   771 | D        | Reached XP level 10. HP: 59/89 MP: 17/17
   894 | D        | Entered arena 10.
   894 | D        | Noticed a yellow draconian
   894 | D        | Noticed a draconian
   894 | D        | Noticed a green draconian
   894 | D        | Noticed a red draconian
   894 | D        | Noticed a black draconian
   894 | D        | Noticed a yellow draconian
   894 | D        | Noticed a draconian
   894 | D        | Noticed a black draconian
   894 | D        | Received a gift from Nemelex Xobeh
   894 | D        | Received a gift from Nemelex Xobeh
   894 | D        | Found a transporter.
   900 | D        | Killed from afar by a black draconian

Vault maps used:
D:        sprint_v

Skill      XL: |  1  2  3  4  5  6  7  8  9 |
---------------+----------------------------+-----
Long Blades    | 6 10 11 12 13 15 | 15.5
Armour         | 5 7 9 |  9.8
Shields        | 5 6 7 9 |  9.1
Fighting       | 6 8 10 12 | 12.1
Dodging        | 3 |  3.4
Invocations    | 3 5 |  5.2
Evocations     | 2 10 | 10.2

Action                   |  1- 3 |  4- 6 |  7- 9 | 10-12 || total
-------------------------+-------+-------+-------+-------++-------
Melee: Demon blade       |     2 |    21 |    41 |       ||    64
Invok: Triple Draw       |       |       |     1 |       ||     1
 Abil: Hop               |       |       |     1 |     1 ||     2
Evoke: Deck              |       |     1 |     7 |     1 ||     9
       Wand              |       |       |     2 |     1 ||     3
       Lightning rod     |       |       |     5 |     1 ||     6
       Lamp of fire      |       |       |     1 |     1 ||     2
  Use: Potion            |     1 |     1 |     2 |       ||     4
 Stab: Distracted        |       |       |     1 |       ||     1
  Eat: Fruit             |       |       |       |     1 ||     1
Armor: Gold dragon scale |       |    31 |    23 |       ||    54
Dodge: Dodged            |     1 |    11 |    12 |       ||    24
Block: Buckler           |       |    19 |    26 |     1 ||    46
       Rpst.: Demon blade |       |     1 |     2 |       ||     3

Table legend:
 A = Spawn XP
 B = Non-spawn XP
 C = Spawn XP percentage of total XP
 D = Spawn monster count
 E = Non-spawn monster count
 F = Spawn count percentage of total count
 G = Total turns spent on level
                    A         B        C        D         E        F      G
               +---------+---------+-------+---------+---------+-------+---------
         Total |       0 |    5016 |   0.0 |       0 |      36 |   0.0 |   900
               +---------+---------+-------+---------+---------+-------+---------
             D |       0 |    5016 |   0.0 |       0 |      36 |   0.0 |   900
               +---------+---------+-------+---------+---------+-------+---------
